Map: Prion Terraces

Players

Fhritp

  • Race: Protoss Protoss
  • League: Gold

Burt - Winner!

  • Race: Terran Terran
  • League: Platinum

VOD

Have the link to the VOD?

Description

Time

  • Played on: Nov. 22, 2015, 12:57 p.m.
  • Length: 9:29
Show
View Real Time Build Order
Export as new Build Order

Fhritp Protoss 

Build Orders: Oracle Opening 

Get SALT Encoding   

  12  0:01  Probe (Chrono Boost)  
  13  0:11  Probe (Chrono Boost)  
  14  0:19  Pylon  
  14  0:23  Probe (Chrono Boost)  
  15  0:37  Probe (Chrono Boost)  
  15  0:38  Gateway  
  16  0:44  Assimilator  
  16  0:48  Probe (Chrono Boost)  
  17  0:58  Probe (Chrono Boost)  
  18  1:09  Probe (Chrono Boost)  
  19  1:16  Assimilator  
  19  1:19  Probe (Chrono Boost)  
  19  1:23  Pylon  
  20  1:27  Cybernetics Core  
  20  1:29  Zealot  
  20  1:31  Probe (Chrono Boost)  
  23  1:42  Probe (Chrono Boost)  
  24  1:55  Probe (Chrono Boost)  
  25  2:04  Pylon  
  25  2:05  Stalker (Chrono Boost)  
  25  2:06  Mothership Core (Chrono Boost)  
  29  2:24  Probe  
  30  2:43  Stalker (Chrono Boost)  
  31  3:10  Nexus  
  31  3:11  Stargate  
  31  3:14  Gateway  
  31  3:22  Stalker (Chrono Boost)  
  33  3:33  Probe  
  34  3:45  Probe  
  35  3:50  Gateway  
  35  3:51  Pylon  
  35  3:52  Pylon  
  35  3:55  Oracle (Chrono Boost)  
  38  4:07  Robotics Facility  
  38  4:08  Probe  
  39  4:12  Warp Gate (Chrono Boost)  
  39  4:13  Pylon  
  39  4:20  Probe  
  38  4:31  Probe  
  38  4:33  Probe, Forge  
  38  4:37  Assimilator  
  40  4:41  Assimilator  
  40  4:42  Probe  
  40  4:45  Probe  
  42  4:53  Probe  
  42  4:57  Probe (Chrono Boost)  
  42  4:58  Twilight Council  
  44  5:02  Observer  
  44  5:03  Pylon  
  44  5:05  Probe (Chrono Boost)  
  46  5:09  Probe (Chrono Boost)  
  47  5:16  Probe (Chrono Boost)  
  45  5:29  Probe (Chrono Boost), Pylon  
  46  5:37  Blink  
  46  5:40  Photon Cannon  
  46  5:45  Pylon  
  46  5:52  Oracle (Chrono Boost)  
  49  5:58  Probe  
  49  6:00  Probe  
  49  6:01  Pylon  
  51  6:04  Observer  
  52  6:13  Probe  
  52  6:17  Probe  
  53  6:24  Robotics Bay  
  54  6:25  Probe  
  54  6:28  Probe  
  54  6:29  Protoss Ground Armor Level 1  
  56  6:37  Probe  
  56  6:39  Probe  
  57  6:42  Stalker  
  57  6:43  Stalker  
  62  6:50  Probe  
  62  6:51  Nexus  
  63  6:56  Probe  
  64  7:02  Probe  
  64  7:05  Sentry x2  
  66  7:24  Colossus (Chrono Boost)  
  72  7:31  Adept  
  72  7:32  Adept x2  
  78  7:37  Gateway  
  78  7:40  Pylon  
  62  7:53  Zealot x3  
  35  8:13  Stalker x2  
  35  8:19  Stalker  
  34  8:39  Stalker  
  34  8:40  Stalker x2  
  46  9:00  Stalker  
  48  9:03  Stalker  
  46  9:21  Stalker x2  
Show
View Real Time Build Order
Export as new Build Order

Burt Terran - Winner!

Build Orders: Reaper Expand 

Get SALT Encoding   

  12  0:01  SCV  
  13  0:13  SCV  
  14  0:17  Supply Depot  
  14  0:25  SCV  
  15  0:39  SCV  
  15  0:40  Barracks  
  16  0:45  Refinery  
  16  0:51  SCV  
  17  1:03  SCV  
  18  1:15  SCV  
  19  1:29  Reaper, Orbital Command  
  20  1:40  Command Center  
  20  1:51  Supply Depot  
  20  1:58  SCV  
  21  2:01  Refinery  
  21  2:09  Barracks Reactor  
  21  2:10  SCV  
  22  2:24  SCV  
  23  2:36  SCV, Factory, Barracks  
  24  2:48  SCV  
  25  3:00  SCV  
  25  3:01  Orbital Command  
  26  3:06  Marine x2  
  29  3:12  SCV  
  29  3:23  Marine  
  29  3:24  Marine  
  29  3:25  SCV, Widow Mine  
  29  3:26  Marine  
  35  3:37  SCV  
  36  3:41  Marine x2  
  38  3:49  Orbital Command  
  37  4:04  Factory Tech Lab  
  37  4:05  Barracks Tech Lab  
  37  4:07  Marine x2  
  39  4:15  SCV  
  39  4:16  SCV  
  41  4:21  Refinery  
  41  4:24  Refinery  
  41  4:25  Cyclone, Marine x2  
  46  4:37  Engineering Bay  
  46  4:39  Engineering Bay  
  46  4:41  Starport  
  46  4:50  Supply Depot  
  46  4:52  Supply Depot  
  46  4:54  SCV, Marine x2  
  46  4:55  SCV, Marauder  
  46  4:56  Stimpack  
  52  5:06  Terran Infantry Weapons Level 1, Terran Infantry Armor Level 1  
  52  5:07  SCV x2  
  52  5:15  Supply Depot  
  52  5:16  Marauder  
  52  5:17  Supply Depot  
  52  5:19  SCV x2  
  55  5:25  Marine  
  55  5:26  Marine  
  55  5:28  Medivac  
  59  5:36  SCV x2  
  59  5:37  Marine  
  62  5:43  Marine  
  62  5:47  Marine  
  62  5:48  SCV x2  
  66  5:50  Supply Depot  
  66  5:52  Supply Depot, Missile Turret  
  66  5:53  Supply Depot  
  66  5:55  Missile Turret, Marine  
  68  6:04  SCV x2  
  68  6:05  Command Center  
  69  6:16  SCV x2  
  69  6:17  Starport Reactor  
  70  6:22  Marine x3  
  70  6:25  Barracks  
  73  6:40  Marine  
  73  6:44  Marine  
  73  6:45  Marine  
  76  6:48  Hellion  
  77  6:58  Marine  
  77  7:03  SCV  
  77  7:04  SCV  
  79  7:09  Marauder  
  79  7:10  Medivac x2  
  79  7:11  Factory Tech Lab  
  79  7:12  Marine x2  
  87  7:15  Marine  
  87  7:16  SCV  
  87  7:19  SCV  
  90  7:25  Armory  
  90  7:26  Orbital Command  
  90  7:28  SCV  
  91  7:30  Marauder  
  91  7:31  SCV  
  94  7:40  SCV  
  92  7:48  Marine x3  
  92  7:49  Siege Tank  
  92  7:50  Medivac  
  93  7:52  Marauder  
  91  8:00  SCV x2  
  91  8:03  Medivac  
  95  8:06  Marine x3  
  95  8:12  SCV x2, Marine  
  99  8:24  SCV x2, Marine x2  
  100  8:36  SCV x2  
  102  8:42  Marine x3  
  102  8:43  Marine  
  102  8:44  Viking x2, Siege Tank  
  114  8:48  SCV  
  114  9:00  Marine x4  
  118  9:04  SCV x2  
  120  9:16  SCV  
Tags
 
Add a new tag
Caveats
  • Supply blocks, unpowered buildings, or Contaminate may cause inaccurate times.
  • Supply counts are checked every 10 seconds.